 Dungeon Sprint DCSS version 0.30-a0-358-g0d69a1922f (webtiles) character file.

Game seed: 10947722389872907168

164988 rocky1 the Executioner (level 15, -10/161 HPs)
             Began as a Minotaur Gladiator on Nov 9, 2022.
             Was an Initiate of Gozag.
             Mangled by Mennas
             ... wielding a +5 trishula of holy wrath
              (11 damage)
             ... in the Dungeon (Sprint IX: "|||||||||||||||||||||||||||||").
             The game lasted 00:35:50 (7824 turns).

rocky1 the Executioner (Minotaur Gladiator)         Turns: 7824, Time: 00:35:51

Health: -10/161    AC: 22    Str: 30    XL:     15   Next: 82%
Magic:  14/14      EV: 21    Int:  5    God:    Gozag
Gold:   669        SH:  0    Dex: 16    Spells: 14/14 levels left

rFire   . . .      SeeInvis +    c - +8 frozen axe "Frostbite" {freezing cloud, *Noise Fly rC+}
rCold   + + +      Faith    .    (shield currently unavailable)
rNeg    + + .      Spirit   .    y - +1 scale mail of Uvubau {rC+ rN++ Dex-5}
rPois   .          Reflect  .    C - +2 hat
rElec   +          Harm     .    R - +1 cloak {Will+}
rCorr   .          Rampage  .    Q - +1 pair of gloves {Dex+3}
Will    ++...      NoTele   +    p - +0 pair of boots
Stlth   ++........               U - amulet of regeneration
HPRegen 1.26/turn                G - ring of protection from cold
MPRegen 0.14/turn                s - ring "Itoxzoi" {rElec Str+6 Dex+4 SInv}

@: mighty, flying, hasted, glowing, very quick
A: horns 2, retaliatory headbutt
}: 4/17 runes: decaying, serpentine, barnacled, gossamer
a: Renounce Religion, Potion Petition, Call Merchant, Bribe Branch


You were in the Dungeon.
You worshipped Gozag.
Gozag was pleased with you.
You visited 1 branch You collected 25632 gold pieces.
You spent 9404 gold pieces at shops.
You paid 15559 gold pieces to Gozag.

Inventory:

Hand Weapons
 c - the +8 frozen axe "Frostbite" (weapon) {freezing cloud, *Noise Fly rC+}
   (You bought it in a shop in the Dungeon)

   It freezes those it strikes, dealing additional cold damage.
   It can also slow down cold-blooded creatures.
   It occasionally leaves clouds of freezing vapour upon striking a foe.
   It grants immunity to clouds of freezing vapour.
   rC:        It protects you from cold.
   Fly:       It grants you flight.
   *Noise:    It may make noises in combat.
 D - a +2 great sword of holy wrath
 O - the +9 lance "Wyrmbane" {slay drac, rPois rF+ rC+ AC+3}
   (You bought it in a shop in the Dungeon)

   It inflicts extra damage against dragons and draconians.
   AC:        It affects your AC (+3).
   rF:        It protects you from fire.
   rC:        It protects you from cold.
   rPois:     It protects you from poison.
Missiles
 d - 6 throwing nets
 e - 5 javelins
 o - 2 silver javelins
Armour
 p - a +0 pair of boots (worn)
 y - the +1 scale mail of Uvubau (worn) {rC+ rN++ Dex-5}
   (You bought it in a shop in the Dungeon)

   Dex:       It affects your dexterity (-5).
   rC:        It protects you from cold.
   rN:        It greatly protects you from negative energy.
 C - a +2 hat (worn)
 Q - a +1 pair of gloves of dexterity (worn)
 R - a +1 cloak of willpower (worn)
Jewellery
 s - the ring "Itoxzoi" (right hand) {rElec Str+6 Dex+4 SInv}
   (You bought it in a shop in the Dungeon)

   [ring of see invisible]

   Str:       It affects your strength (+6).
   Dex:       It affects your dexterity (+4).
   rElec:     It insulates you from electricity.
   SInv:      It lets you see invisible.
 G - a ring of protection from cold (left hand)
 S - a +6 ring of strength
 U - an amulet of regeneration (around neck)
Wands
 n - a wand of iceblast (7) (quivered)
 P - a wand of digging (7)
Scrolls
 h - 2 scrolls of enchant weapon
 j - 2 scrolls of immolation
 k - 2 scrolls of blinking
 m - 3 scrolls of amnesia
 v - 2 scrolls of fog
 w - 5 scrolls of fear
 x - 13 scrolls of enchant armour
 z - a scroll of brand weapon
 N - 3 scrolls of identify
Potions
 f - 6 potions of curing
 g - 4 potions of mutation
 i - 4 potions of magic
 l - a potion of brilliance
 r - a potion of lignification
 M - 4 potions of resistance
Miscellaneous
 u - a phial of floods
 B - a tin of tremorstones (2/2)


   Skills:
 + Level 22.3 Fighting
 - Level 25.6(27) Axes
 - Level 20.9(25.9) Maces & Flails
 - Level 20.7(25.8) Polearms
 - Level 4.5 Throwing
 + Level 20.3 Armour
 + Level 18.4 Dodging
 - Level 11.6 Stealth
 + Level 14.6 Evocations


You had 14 spell levels left.
You didn't know any spells.
Your spell library was empty.

Dungeon Overview and Level Annotations

Branches:
Dungeon (1/1)

Altars:
Cheibriados
Dithmenos
Elyvilon
Fedhas
Gozag
Hepliaklqana
Kikubaaqudgha
Makhleb
Nemelex Xobeh
Okawaru
Qazlal
Ru
Sif Muna
Trog
Uskayaw
Vehumet
Wu Jian
Xom
Yredelemnul
Zin
The Shining One
Jiyva
Lugonu

Shops:
D *(([?=[([=?*

Annotations:
D Mennas


Innate Abilities, Weirdness & Mutations

You have a pair of horns on your head.
You reflexively headbutt those who attack you in melee.


Message History

Mennas misses you.
Mennas hits you with a +5 trishula of holy wrath!
* * * LOW HITPOINT WARNING * * *
You miss Mennas.
Mennas is heavily wounded.
Mennas hits you with a +5 trishula of holy wrath!!
* * * LOW HITPOINT WARNING * * *
Mennas hits you with a +5 trishula of holy wrath.
* * * LOW HITPOINT WARNING * * *
You slice Mennas like a ripe choko!!! You freeze Mennas!
You headbutt Mennas, but do no damage.
Mennas is severely wounded.
Mennas shakes his head sadly.
Mennas hits you with a +5 trishula of holy wrath!
* * * LOW HITPOINT WARNING * * *
Mennas hits you with a +5 trishula of holy wrath.
* * * LOW HITPOINT WARNING * * *
Okay, then.
Magic scrolls do not work when you're silenced!
Unknown command.
You feel much better.
Mennas hits you with a +5 trishula of holy wrath!
* * * LOW HITPOINT WARNING * * *
Mennas completely misses you. x2; Mennas misses you.
You feel yourself speed up. Mennas completely misses you. x2
You feel very mighty all of a sudden. Mennas hits you but does no damage. x2
Okay, then.
Mennas blocks your attack.
Your headbutt misses Mennas.
Mennas is severely wounded.
Mennas hits you with a +5 trishula of holy wrath!
* * * LOW HITPOINT WARNING * * *
Mennas hits you with a +5 trishula of holy wrath!
* * * LOW HITPOINT WARNING * * *
Unknown command.
Unknown command.
Mennas becomes audible again.
Mennas hits you from afar with a +5 trishula of holy wrath!
You die...
Your body crumbles into a pile of gold.

.▓'▓.▓)▓.▓.▓.♣.♣.▓,*,*,*,*,*,*,*,
.▓.▓.▓)▓.▓.▓.♣.♣.▓,*,*,*,*,*,*,*,
.▓.▓.▓)▓.▓.▓.♣.♣.▓$*,*,*,*+*,*,*,
.▓.▓.▓)▓.▓.▓.♣.♣.▓,*,*,*,*,*,*,*,
.▓.▓.▓∩▓.▓.▓.♣.♣.▓,*,*,*,*,*,*,*,
.▓)▓.▓)▓.▓.▓.♣.♣.▓,*,*,*,*,*,*,*,
)▓)▓.▓[▓.▓.▓.♣.♣.▓,*,*,*,*,*,*,*,
.▓(▓.▓)▓.▓.▓.♣.♣.▓,*,*,*,*,*,*,*,
.▓.▓.▓)▓.▓.▓.♣.♣@▓,*,*,*,*,*,*,*,
.▓.▓.▓'▓.▓[▓.♣.♣.▓+*,*,*,*,*,*,*,
.▓'▓.▓.▓.▓[▓.♣'♣A▓,*,*,*,*,*,*+*,
.▓.▓.▓.▓.▓[▓.▓.▓.▓,*,*,*,*+*,*,*,
.▓.▓.▓.▓.▓[▓.▓.▓.▓,*,*,*,*,*,*+*,
.▓.▓.▓.▓.▓[▓.▓.▓.▓,*,*,*,*,*,*,*,
.▓.▓.▓.▓.▓[▓.▓)▓.▓,*,*,*,*,*,*+*,
.▓.▓.▓.▓.▓.▓.▓)▓.▓,*,*,*,*,*,*,*,
.▓.▓.▓.▓.▓.▓.▓)▓.▓,*,*,*,*,*,*+*,


You could see Mennas.

Vanquished Creatures
  Sojobo (D)
  Mara (D)
  Rupert (D)
  Agnes (D)
  2 tengu reavers (D)
  3 fire giants (D)
  A frost giant (D)
  6 nagarajas (D)
  3 emperor scorpions (D)
  A vault warden (D)
  Aizul (D)
  An orc warlord (D)
  A ghost moth (D)
  3 very ugly things (D)
  3 ironbound preservers (D)
  A broodmother (D)
  A vampire knight (D)
  2 stone giants (D)
  Nessos (D)
  2 bunyips (D)
  A spark wasp (D)
  3 merfolk javelineers (D)
  Josephine (D)
  2 fire dragons (D)
  3 merfolk impalers (D)
  Harold (D)
  4 yaktaur captains (D)
  A great orb of eyes (D)
  A spriggan air mage (D)
  A rakshasa (D)
  9 hydras (D)
  A ghost crab (D)
  2 radroaches (D)
  An anaconda (D)
  3 centaur warriors (D)
  4 merfolk aquamancers (D)
  2 tengu warriors (D)
  A naga warrior (D)
  2 deep troll earth magi (D)
  6 orc high priests (D)
  A spriggan berserker (D)
  2 naga sharpshooters (D)
  A shock serpent (D)
  A goliath frog (D)
  2 sea snakes (D)
  A steelbarb worm (D)
  A spriggan druid (D)
  5 swamp dragons (D)
  A flayed ghost (D)
  2 lindwurms (D)
  4 ironbound convokers (D)
  A deep elf pyromancer (D)
  8 orc knights (D)
  2 necromancers (D)
  An orc sorcerer (D)
  A wizard (D)
  2 manticores (D)
  An ugly thing (D)
  2 moths of wrath (D)
  2 wolf spiders (D)
  2 salamanders (D)
  4 cyclopes (D)
  A naga mage (D)
  4 guardian serpents (D)
  2 black mambas (D)
  A vault sentinel (D)
  A water nymph (shapeshifter) (D)
  A torpor snail (D)
  5 komodo dragons (D)
  A gargoyle (D)
  A kobold demonologist (D)
  An unseen horror (D)
  A tengu conjurer (D)
  A freezing wraith (D)
  A yaktaur (D)
  5 demonic crawlers (D)
  4 merfolk (D)
  2 slime creatures (D)
  A wind drake (D)
  3 tyrant leeches (D)
  A hornet (D)
  3 blink frogs (D)
  2 snapping turtles (D)
  A spriggan (D)
  A jumping spider (D)
  A shadow (D)
  A culicivora (D)
  3 wraiths (D)
  A wyvern (D)
  A vampire (D)
  Eustachio (D)
  2 yaks (D)
  2 redbacks (D)
  A naga (D)
  3 water moccasins (D)
  8 orc warriors (D)
  A floating eye (D)
  A wolf (D)
  2 bullfrogs (D)
  A scorpion (D)
  A wight (D)
  A howler monkey (D)
  6 orc priests (D)
  4 orc wizards (D)
  A shadow imp (D)
  A white imp (D)
  4 worms (D)
  6 orcs (D)
  A ball python (D)
  A quokka (D)
  2 kobolds (D)
  A rat (D)
234 creatures vanquished.

Vanquished Creatures (others)
  Ilsuiw (D)
  A fire giant (D)
  An ironbound thunderhulk (D)
  A stone giant (D)
  2 hydras (D)
  An alligator (D)
  A naga mage (D)
8 creatures vanquished.

Grand Total: 242 creatures vanquished

Notes
Turn   | Place    | Note
-------+----------+-------------------------------------------
     0 | D        | rocky1 the Minotaur Gladiator began the quest for the Orb.
     0 | D        | Reached XP level 1. HP: 18/18 MP: 0/0
   120 | D        | Noticed a scorpion
   123 | D        | Reached XP level 2. HP: 25/25 MP: 1/1
   124 | D        | Reached skill level 5 in Maces & Flails
   126 | D        | Killed a scorpion
   127 | D        | Reached skill level 5 in Dodging
   127 | D        | Reached XP level 3. HP: 33/33 MP: 2/2
   130 | D        | Reached XP level 4. HP: 35/40 MP: 3/3
   252 | D        | Found a snail-covered altar of Cheibriados.
   252 | D        | Found a shadowy altar of Dithmenos.
   252 | D        | Found a white marble altar of Elyvilon.
   252 | D        | Found a blossoming altar of Fedhas.
   252 | D        | Found an opulent altar of Gozag.
   253 | D        | Found a hazy altar of Hepliaklqana.
   254 | D        | Found a viscous altar of Jiyva.
   255 | D        | Found an ancient bone altar of Kikubaaqudgha.
   256 | D        | Found a corrupted altar of Lugonu.
   257 | D        | Found a burning altar of Makhleb.
   258 | D        | Found a sparkling altar of Nemelex Xobeh.
   259 | D        | Found an iron altar of Okawaru.
   260 | D        | Became a worshipper of Gozag Ym Sagoz the Greedy
   261 | D        | Found a stormy altar of Qazlal.
   262 | D        | Found a sacrificial altar of Ru.
   263 | D        | Found a shimmering blue altar of Sif Muna.
   264 | D        | Found a bloodstained altar of Trog.
   265 | D        | Found a hide-covered altar of Uskayaw.
   266 | D        | Found a radiant altar of Vehumet.
   267 | D        | Found an ornate altar of the Wu Jian Council.
   268 | D        | Found a shimmering altar of Xom.
   269 | D        | Found a basalt altar of Yredelemnul.
   270 | D        | Found a glowing silver altar of Zin.
   271 | D        | Found a glowing golden altar of the Shining One.
   316 | D        | Noticed a vampire
   316 | D        | Noticed a shadow
   316 | D        | Noticed a kobold demonologist
   320 | D        | Killed a kobold demonologist
   321 | D        | Reached skill level 1 in Stealth
   321 | D        | Reached XP level 5. HP: 50/50 MP: 4/4
   321 | D        | Reached XP level 6. HP: 57/57 MP: 5/5
   325 | D        | Killed a shadow
   327 | D        | Reached XP level 7. HP: 59/66 MP: 6/6
   349 | D        | Killed an unseen horror
   351 | D        | Killed a vampire
   352 | D        | Reached skill level 10 in Dodging
   563 | D        | Noticed a cyclops
   563 | D        | Noticed a gargoyle
   563 | D        | Noticed a centaur warrior
   563 | D        | Noticed a tengu warrior
   563 | D        | Noticed a deep elf pyromancer
   563 | D        | Noticed a water nymph
   567 | D        | Killed a water nymph
   568 | D        | Reached skill level 15 in Maces & Flails
   568 | D        | Reached XP level 8. HP: 70/78 MP: 7/7
   572 | D        | Killed a deep elf pyromancer
   573 | D        | Reached skill level 10 in Fighting
   583 | D        | Killed a tengu warrior
   584 | D        | Reached XP level 9. HP: 26/89 MP: 8/8
   590 | D        | Killed a centaur warrior
   595 | D        | Killed a gargoyle
   598 | D        | Killed a cyclops
  1040 | D        | Noticed a komodo dragon
  1040 | D        | Noticed a komodo dragon
  1044 | D        | Reached skill level 5 in Stealth
  1049 | D        | Killed a komodo dragon
  1050 | D        | Reached XP level 10. HP: 47/100 MP: 9/9
  1057 | D        | Reached skill level 10 in Armour
  1240 | D        | Reached skill level 1 in Evocations
  1415 | D        | Noticed a torpor snail
  1424 | D        | Killed a torpor snail
  1517 | D        | Bought a scroll labelled SOYRIG AKKIVUCW for 28 gold pieces
  1517 | D        | Bought a distressingly furry scale mail for 252 gold pieces
  1517 | D        | Identified the +1 scale mail of Uvubau {rC+ rN++ Dex-5}
                  | (You bought it in a shop in the Dungeon)
  1517 | D        | Bought a scroll labelled JAGERI FUV for 28 gold pieces
  1517 | D        | Bought a runed chain mail for 210 gold pieces
  1517 | D        | Bought a tin of tremorstones (2/2) for 1120 gold pieces
  1517 | D        | Bought a scroll labelled CALOTO AGEO for 28 gold pieces
  1535 | D        | Noticed a lindwurm
  1536 | D        | Noticed a lindwurm
  1560 | D        | Killed a lindwurm
  1772 | D        | Killed a lindwurm
  1773 | D        | Reached XP level 11. HP: 91/111 MP: 10/10
  1884 | D        | Noticed Eustachio
  1911 | D        | Killed Eustachio
  1912 | D        | Reached skill level 15 in Fighting
  1922 | D        | Reached skill level 5 in Evocations
  2007 | D        | Noticed Josephine
  2017 | D        | Killed Josephine
  2159 | D        | Noticed an orc knight
  2172 | D        | Killed an orc knight
  2214 | D        | Noticed an orc sorcerer
  2237 | D        | Killed an orc sorcerer
  2346 | D        | Found Ehuosh's Jewellery Boutique.
  2346 | D        | Noticed an orc knight
  2346 | D        | Noticed an orc knight
  2346 | D        | Noticed an orc knight
  2346 | D        | Noticed an orc knight
  2346 | D        | Noticed an orc knight
  2347 | D        | Noticed an orc high priest
  2348 | D        | Noticed an orc knight
  2353 | D        | Killed an orc knight
  2354 | D        | Found Notivip's Magic Scroll Shop.
  2357 | D        | Killed an orc knight
  2360 | D        | Killed an orc knight
  2365 | D        | Noticed an orc high priest
  2365 | D        | Killed an orc knight
  2369 | D        | Noticed an orc high priest
  2371 | D        | Killed an orc knight
  2374 | D        | Killed an orc high priest
  2375 | D        | Noticed an orc high priest
  2381 | D        | Killed an orc knight
  2382 | D        | Reached skill level 10 in Stealth
  2382 | D        | Found Eheygh's Antique Armour Boutique.
  2384 | D        | Found Cutah's Weapon Shop.
  2388 | D        | Killed an orc high priest
  2391 | D        | Killed an orc high priest
  2392 | D        | Reached XP level 12. HP: 39/124 MP: 11/11
  2395 | D        | Killed an orc high priest
  2396 | D        | Noticed an orc high priest
  2408 | D        | Killed an orc high priest
  2410 | D        | Noticed an orc high priest
  2420 | D        | Killed an orc high priest
  2648 | D        | Bought a scroll of identify for 20 gold pieces
  2648 | D        | Bought a scroll of magic mapping for 75 gold pieces
  2648 | D        | Bought a scroll of immolation for 40 gold pieces
  2648 | D        | Bought a scroll of poison for 40 gold pieces
  2652 | D        | Bought a glowing hat for 154 gold pieces
  2669 | D        | Bought the +8 frozen axe "Frostbite" {freezing cloud,
                  | *Noise Fly rC+} for 2047 gold pieces
  2669 | D        | Found the +8 frozen axe "Frostbite" {freezing cloud, *Noise
                  | Fly rC+}
  2830 | D        | Noticed a centaur warrior
  2830 | D        | Noticed a centaur warrior
  2835 | D        | Noticed an eight-headed hydra
  2836 | D        | Reached skill level 1 in Axes
  2840 | D        | Reached skill level 2 in Axes
  2847 | D        | Paralysed by a floating eye for 2 turns
  2853 | D        | Killed a centaur warrior
  2854 | D        | Reached skill level 3 in Axes
  2855 | D        | Paralysed by a floating eye for 2 turns
  2855 | D        | Noticed a fire dragon
  2859 | D        | Noticed a deep troll earth mage
  2863 | D        | Reached skill level 5 in Axes
  2863 | D        | Noticed a stone giant
  2865 | D        | Paralysed by a floating eye for 3 turns
  2869 | D        | Killed a centaur warrior
  2870 | D        | Reached skill level 7 in Axes
  2874 | D        | Killed an eight-headed hydra
  2875 | D        | Reached skill level 8 in Axes
  2875 | D        | Noticed a fire giant
  2878 | D        | Reached skill level 9 in Axes
  2878 | D        | Noticed a red very ugly thing
  2887 | D        | Killed a fire dragon
  2888 | D        | Reached skill level 10 in Axes
  2892 | D        | Killed a deep troll earth mage
  2893 | D        | Reached skill level 11 in Axes
  2902 | D        | Killed a stone giant
  2903 | D        | Reached skill level 12 in Axes
  2905 | D        | Killed a fire giant
  2906 | D        | Reached skill level 13 in Axes
  2916 | D        | Killed a red very ugly thing
  2917 | D        | Reached skill level 14 in Axes
  3282 | D        | Bought the +8 lance "Wyrmbane" {slay drac, rPois rF+ rC+
                  | AC+3} for 2343 gold pieces
  3282 | D        | Found the +8 lance "Wyrmbane" {slay drac, rPois rF+ rC+
                  | AC+3}
  3429 | D        | Noticed Harold
  3438 | D        | Killed Harold
  3439 | D        | Reached skill level 15 in Axes
  3460 | D        | Noticed Rupert
  3472 | D        | Killed Rupert
  3473 | D        | Reached skill level 16 in Axes
  3473 | D        | Reached XP level 13. HP: 120/132 MP: 12/12
  3530 | D        | Noticed a bunyip
  3537 | D        | Reached skill level 1 in Polearms
  3543 | D        | Reached skill level 17 in Axes
  3558 | D        | Killed a bunyip
  3567 | D        | Reached skill level 5 in Polearms
  3833 | D        | Reached skill level 18 in Axes
  3974 | D        | Noticed a broodmother
  3987 | D        | Killed a broodmother
  3999 | D        | Reached skill level 19 in Axes
  4006 | D        | Reached skill level 10 in Polearms
  4052 | D        | Reached skill level 20 in Axes
  4239 | D        | Reached skill level 21 in Axes
  4557 | D        | Noticed Agnes
  4571 | D        | Killed Agnes
  4800 | D        | Noticed Nessos
  4811 | D        | Killed Nessos
  4829 | D        | Noticed a stone giant
  4829 | D        | Noticed a spark wasp
  4834 | D        | Reached skill level 15 in Polearms
  4837 | D        | Killed a spark wasp
  4838 | D        | Reached skill level 22 in Axes
  4840 | D        | Noticed a frost giant
  4841 | D        | Killed a stone giant
  4842 | D        | Reached XP level 14. HP: 78/140 MP: 13/13
  4842 | D        | Noticed a fire giant
  4845 | D        | Noticed a fire giant
  4850 | D        | Noticed a fire giant
  4854 | D        | Noticed a purple very ugly thing
  4860 | D        | Killed a frost giant
  4861 | D        | Noticed a stone giant
  4863 | D        | Killed a fire giant
  4864 | D        | Reached skill level 23 in Axes
  4872 | D        | Killed a fire giant
  4873 | D        | Noticed a vampire knight
  4878 | D        | Killed a fire giant
  4908 | D        | Killed a vampire knight
  4914 | D        | Killed a purple very ugly thing
  4915 | D        | Reached skill level 24 in Axes
  4927 | D        | Killed a stone giant
  5380 | D        | Noticed a vault warden
  5390 | D        | Noticed an ironbound preserver
  5394 | D        | Killed a vault warden
  5411 | D        | Reached skill level 15 in Armour
  5415 | D        | Noticed an ironbound thunderhulk
  5420 | D        | Noticed a cyan very ugly thing
  5422 | D        | Killed an ironbound preserver
  5426 | D        | Noticed an orc warlord
  5430 | D        | Noticed an ironbound preserver
  5432 | D        | Reached skill level 10 in Evocations
  5436 | D        | Killed an ironbound thunderhulk
  5437 | D        | Noticed an ironbound preserver
  5446 | D        | Killed a cyan very ugly thing
  5451 | D        | Killed an orc warlord
  5455 | D        | Killed an ironbound preserver
  5460 | D        | Killed an ironbound preserver
  5759 | D        | Bought +1 ice dragon scales for 1072 gold pieces
  5759 | D        | Bought a +1 pair of gloves of dexterity for 264 gold pieces
  5759 | D        | Bought a +1 cloak of willpower for 264 gold pieces
  5969 | D        | Noticed Aizul
  5981 | D        | Killed Aizul
  6232 | D        | Noticed a tengu reaver
  6233 | D        | Noticed a tengu reaver
  6234 | D        | Noticed Sojobo
  6239 | D        | Killed a tengu reaver
  6244 | D        | Killed a tengu reaver
  6258 | D        | Killed Sojobo
  6259 | D        | Reached skill level 15 in Dodging
  6597 | D        | Noticed Mara
  6611 | D        | Noticed rocky1's illusion
  6613 | D        | Killed Mara
  6614 | D        | Reached XP level 15. HP: 68/155 MP: 14/14
  6644 | D        | Noticed an emperor scorpion
  6655 | D        | Killed an emperor scorpion
  6662 | D        | Reached skill level 25 in Axes
  6662 | D        | Noticed an emperor scorpion
  6668 | D        | Noticed an emperor scorpion
  6684 | D        | Killed an emperor scorpion
  6689 | D        | Killed an emperor scorpion
  6691 | D        | Got a gossamer rune of Zot
  6777 | D        | Noticed Ilsuiw
  6791 | D        | Killed Ilsuiw
  6837 | D        | Got a barnacled rune of Zot
  7314 | D        | Got a decaying rune of Zot
  7350 | D        | Noticed a nagaraja
  7350 | D        | Noticed a nagaraja
  7350 | D        | Noticed a nagaraja
  7358 | D        | Noticed a nagaraja
  7367 | D        | Killed a nagaraja
  7373 | D        | Killed a nagaraja
  7379 | D        | Noticed a nagaraja
  7381 | D        | Killed a nagaraja
  7386 | D        | Killed a nagaraja
  7397 | D        | Killed a nagaraja
  7426 | D        | Noticed a nagaraja
  7433 | D        | Killed a nagaraja
  7441 | D        | Got a serpentine rune of Zot
  7655 | D        | Bought a potion of resistance for 150 gold pieces
  7655 | D        | Bought a potion of heal wounds for 75 gold pieces
  7655 | D        | Bought a potion of lignification for 45 gold pieces
  7658 | D        | Bought a scroll of fear for 52 gold pieces
  7658 | D        | Bought a scroll of enchant armour for 97 gold pieces
  7661 | D        | Bought the ring "Itoxzoi" {rElec Str+6 Dex+4 SInv} for 1000
                  | gold pieces
  7792 | D        | Noticed Mennas
  7819 | D        | HP: 8/161 [Mennas/+5 trishula of holy wrath (12)]
  7823 | D        | HP: 1/161 [Mennas/+5 trishula of holy wrath (10)]
  7824 | D        | Mangled by Mennas

Illustrated notes

Levels and vault maps discovered:
D:        linesprint [early_d, line_temple, items_1, d_10, items_2, lair_1,
          lair_end, items_3, orc_1, orc_end, items_4, d_15, swamp_1, shoals_1,
          snake_1, spider_1, d_20, vaults_1, items_5, swamp_end, shoals_end,
          snake_end, spider_end, vaults_end, d_27, items_6, zot_1, zot_end,
          crypt_end, forest_end, elf_end, slime_end, tomb_end, abyss_end,
          pan_hell_end]

Skill      XL: |  1  2  3  4  5  6  7  8  9 10 11 12 13 14 15 |
---------------+----------------------------------------------+-----
Maces & Flails | 4 7 11 13 15 16 18 19 20 | 20.9
Dodging        | 4 5 6 8 9 10 11 12 15 18 | 18.4
Fighting       | 4 6 7 9 11 12 14 16 17 19 22 | 22.3
Throwing       | 3 4 |  4.5
Stealth        | 1 3 4 5 7 10 11 | 11.6
Armour         | 4 7 9 12 13 14 17 20 | 20.3
Evocations     | 4 8 11 14 | 14.6
Axes           | 16 22 24 25 | 25.6
Polearms       | 16 19 20 | 20.7

Action                   |  1- 3 |  4- 6 |  7- 9 | 10-12 | 13-15 || total
-------------------------+-------+-------+-------+-------+-------++-------
Melee: Flail             |    17 |     2 |       |       |       ||    19
       Headbutt          |     1 |     3 |    14 |    60 |   122 ||   200
       Morningstar       |       |     9 |    57 |   300 |    21 ||   387
       Punch             |       |       |     1 |     2 |       ||     3
       Executioner's axe |       |       |       |       |   352 ||   352
       Lance             |       |       |       |       |    99 ||    99
Throw: Throwing net      |     1 |       |       |       |       ||     1
Invok: Potion Petition   |       |       |     1 |     6 |    10 ||    17
       Call Merchant     |       |       |       |     2 |     6 ||     8
Evoke: Wand              |       |       |       |       |     3 ||     3
       Tin of tremorston |       |       |       |       |     2 ||     2
  Use: Potion            |       |     1 |     6 |     5 |     8 ||    20
       Scroll            |       |       |       |     2 |     3 ||     5
 Stab: Invisible         |       |     2 |       |    31 |    12 ||    45
       Distracted        |       |       |     2 |     9 |    11 ||    22
Armor: Leather armour    |     3 |       |       |       |       ||     3
       Scale mail        |       |     4 |    23 |    10 |    93 ||   130
       Chain mail        |       |       |       |    65 |    98 ||   163
       Skin              |       |       |       |       |     2 ||     2
Dodge: Dodged            |     8 |     4 |    14 |   105 |   195 ||   326

Table legend: (Time is in decaauts)
 A = Elapsed time spent in this place.
 B = Non-inter-level travel time spent in this place.
 C = Inter-level travel time spent in this place.
 D = Time resting spent in this place.
 E = Time spent auto-exploring this place.
 F = Levels seen in this place.
 G = Mean time per level.
                   A        B        C        D        E       F      G
               +--------+--------+--------+--------+--------+-----+--------+
         Total |   7480 |   7211 |    269 |   4637 |      0 |   1 | 7480.0 |
       Dungeon |   7480 |   7211 |    269 |   4637 |      0 |   1 | 7480.0 |
               +--------+--------+--------+--------+--------+-----+--------+

Top non-repeatable levels by time:
       D: 7480 daAuts
